 Dungeon Crawl Stone Soup version 0.30-a0-802-gb92711bcdf (webtiles) character file.

Game seed: 9658373673048759490

42 Pimp the Sneak (level 3, -2/21 HPs)
             Began as an Octopode Fire Elementalist on Feb 25, 2023.
             Slain by a gnoll
             ... wielding a +0 halberd
              (8 damage)
             ... on level 2 of the Dungeon.
             The game lasted 00:04:08 (1727 turns).

Pimp the Sneak (Octopode Fire Elementalist)         Turns: 1727, Time: 00:04:09

Health: -2/21      AC:  1    Str:  7    XL:     3   Next: 56%
Magic:  6/6        EV: 13    Int: 19    God:
Gold:   109        SH:  0    Dex: 12    Spells: 0/6 levels left

rFire   . . .      SeeInvis .    k - +11 whip "Zeraull" {protect, +Blink}
rCold   . . .      Faith    .    (no shield)
rNeg    . . .      Spirit   .    (helmet restricted)
rPois   .          Reflect  .    i - amulet of magic regeneration
rElec   .          Harm     .    d - ring of flight
rCorr   .          Rampage  .    (no ring)
Will    .....                    (no ring)
Stlth   +++                      (no ring)
HPRegen 0.23/turn                (no ring)
MPRegen 0.50/turn                (no ring)
                                 (no ring)
                                 (no ring)

@: flying
A: almost no armour, amphibious, 8 rings, camouflage 1, gelatinous body 1,
(nimble swimmer 1), tentacles
a: Evoke Blink


You were on level 2 of the Dungeon.
You visited 1 branch of the dungeon, and saw 3 of its levels.

You collected 109 gold pieces.

Inventory:

Hand Weapons
 h - a +0 short sword
 k - the +11 whip "Zeraull" (weapon) {protect, +Blink}
   (You found it on level 2 of the Dungeon)

   +Blink:    It lets you blink.
Jewellery
 d - a ring of flight (left tentacle)
 i - an amulet of magic regeneration (around mantle)
Wands
 o - a wand of roots (7)
Scrolls
 b - 5 scrolls of teleportation {unknown}
 c - a scroll of amnesia {unknown}
 f - a scroll of fog {unknown}
 g - a scroll of fear {unknown}
 l - a scroll of enchant armour {unknown}
Potions
 a - a potion of magic
 e - a potion of lignification {unknown}
 j - a potion of brilliance {unknown}
 m - a potion of curing {unknown}
 n - a potion of heal wounds {unknown}


   Skills:
 + Level 0.2 Fighting
 + Level 0.2 Maces & Flails
 + Level 2.3 Dodging
 + Level 3.4 Stealth
 + Level 2.3 Spellcasting
 + Level 1.6 Conjurations
 + Level 3.2 Fire Magic


You couldn't memorise any spells.
You knew the following spells:

 Your Spells              Type           Power      Damage    Failure   Level
a - Foxfire               Conj/Fire      44%        2x1d6     6%          1
b - Scorch                Fire           28%        2d6       6%          2
c - Inner Flame           Hex/Fire       8%         N/A       26%         3

Your spell library contained the following spells:

 Spells                   Type           Power      Damage    Failure   Level
 Kindle Blastsparks       Fire/Tloc/Air  12%        2d11      30%         3
 Portal Projectile        Hex/Tloc       4%         N/A       43%         3
 Tukima's Dance           Hex            2%         N/A       43%         3
 Flame Wave               Conj/Fire      11%        2d6       52%         4
 Blade Hands              Tmut           1%         N/A       99%         5


Dungeon Overview and Level Annotations

Branches:
Dungeon (3/15)

Altars:


Innate Abilities, Weirdness & Mutations

You cannot wear most types of armour.
You are amphibious.
You can wear up to eight rings at the same time.
Your skin changes colour to match your surroundings (Stealth+).
Your rubbery body absorbs attacks. (AC +1, EV +1)
((You are camouflaged when in or above water. (Stealth+)))
You have tentacles for arms and can constrict up to eight enemies at once.


Message History

The adder closely misses you. The adder bites you.
You whack the adder!
Your weapon exudes an aura of protection.
Your grab misses the adder. Your squeeze misses the adder.
The adder is severely wounded.
The adder barely misses you.
You whack the adder!
You kill the adder!
You see here an adder corpse.
n - a lumpy yellow potion
Found a stone staircase leading down.
There is a stone staircase leading down here.
Found a chain mail.
You see here a +0 chain mail.
Found a stone staircase leading up.
There is a stone staircase leading up here.
There is a stone staircase leading up here.
Found a spear.
You see here a +0 spear.
o - a wand of roots (7) Done exploring.
Done exploring.
There is a stone staircase leading down here.
You fly downwards.
The gnoll shouts! x4; The ball python hisses angrily.
The kobold shouts!
Found 24 gold pieces and a pair of boots.
Found a stone staircase leading up.
There is a stone staircase leading up here.
The gnoll closely misses you.
The gnoll hits you from afar with a +0 spear.
You fly upwards.
There is a stone staircase leading down here.
Casting: Foxfire (safe; 6% risk of failure)
Confirm with . or Enter, or press ? or * to list all spells.
You conjure some foxfire!
The gnoll hits you with a +0 halberd!
Ouch! That really hurt!
* * * LOW HITPOINT WARNING * * *
The foxfire hits the gnoll but does no damage. x2
The gnoll hits you from afar with a +0 halberd!
You die...

#...........#
#.#########.#
############## #.# #.#
.............# #.# #.#
############.# #.# #.#
#.###.####### #.# #
#...ยง.g.....# #.# ##
#####>#####.# #.#
.###############@# #.#
#.# ..............##.#
#.# #.#
.############.##.# #.#
#.# ##
#.##.#####.###.# #
#.##...........######
#
#.###................
#
#.##..........##.....
#
##.##..####....#######
#
#####...#..####.######


You could see a gnoll.

Vanquished Creatures
  An adder (D:2)
  A dart slug (D:2)
  2 endoplasms (D:1)
  2 giant cockroaches (D:1)
  A goblin (D:1)
  A hobgoblin (D:1)
  2 jackals (D:2)
  4 kobolds
  2 quokkas (D:2)
  5 ball pythons
  2 bats (D:2)
  2 frilled lizards (D:1)
  5 rats
  A spectral goblin (D:1)
31 creatures vanquished.

Vanquished Creatures (others)
  8 foxfires
  2 plants (D:1)
10 creatures vanquished.

Grand Total: 41 creatures vanquished

Notes
Turn   | Place    | Note
-------+----------+-------------------------------------------
     0 | D:1      | Pimp the Octopode Fire Elementalist began the quest for the
                  | Orb.
     0 | D:1      | Reached XP level 1. HP: 11/11 MP: 3/3
   108 | D:1      | Found a faded altar of an unknown god.
   257 | D:1      | Reached XP level 2. HP: 12/17 MP: 5/5
  1026 | D:1      | Learned a level 2 spell: Scorch
  1173 | D:2      | Reached XP level 3. HP: 17/21 MP: 6/6
  1197 | D:2      | Learned a level 3 spell: Inner Flame
  1252 | D:2      | Identified the +11 whip "Zeraull" {protect, +Blink}
  1727 | D:2      | Slain by a gnoll

Illustrated notes

Levels and vault maps discovered:
D:1:      tarquinn_simple_flora_water_f, layout_basic,
          dreamdust_ecumenical_altar_drowned_temple, serial_bayou_pond_c
D:2:      layout_loops_ring, kennysheep_small_spiral
D:3:      layout_rooms, jmf_multi_god_temple2, mainiacjoe_overflow_boulevard,
          wander_ebering_terrifying_dragon_lair, uniq_ijyb

Skill      XL: |  1  2 |
---------------+-------+-----
Stealth        | 3 |  3.4
Fighting       | |  0.2
Maces & Flails | |  0.2
Dodging        | |  2.3
Spellcasting   | |  2.3
Conjurations   | |  1.6
Fire Magic     | |  3.2

Action                     || total
---------------------------++-------
  Melee: Unarmed           ||    13
         Tentacles         ||    15
         Constrict         ||    13
         Punch             ||     1
         Short sword       ||    44
         Whip              ||     6
   Cast: Foxfire           ||     7
   Stab: Sleeping          ||    12
 Armour: Skin              ||     5
  Dodge: Dodged            ||    37

Table legend: (Time is in decaauts)
 A = Elapsed time spent in this place.
 B = Non-inter-level travel time spent in this place.
 C = Inter-level travel time spent in this place.
 D = Time resting spent in this place.
 E = Time spent auto-exploring this place.
 F = Levels seen in this place.
 G = Mean time per level.
                   A        B        C        D        E       F      G
               +--------+--------+--------+--------+--------+-----+--------+
         Total |   1726 |   1689 |     37 |     16 |   1305 |   3 |  575.3 |
       Dungeon |   1726 |   1689 |     37 |     16 |   1305 |   3 |  575.3 |
               +--------+--------+--------+--------+--------+-----+--------+

Top non-repeatable levels by time:
     D:1: 1026 daAuts
     D:2: 698 daAuts
     D:3: 1 daAuts
